 Dungeon Crawl Stone Soup version 0.29-a0-350-g7790a0e70a (webtiles) character file.

Game seed: 12288315452255408106

1844 spaghetti the Tainter (level 9, -5/75 HPs)
             Began as a Naga Venom Mage on Apr 23, 2022.
             Was an Elder of Cheibriados.
             Slain by a yak (13 damage)
             ... on level 5 of the Dungeon.
             The game lasted 00:15:15 (8202 turns).

spaghetti the Tainter (Naga Venom Mage)             Turns: 8202, Time: 00:15:15

Health: -5/75      AC:  6    Str: 20    XL:     9   Next: 12%
Magic:  3/16       EV: 10    Int: 29    God:    Cheibriados [****..]
Gold:   461        SH:  5    Dex: 20    Spells: 3/18 levels left

rFire   . . .      SeeInvis +     - Unarmed
rCold   . . .      Faith    .   (no shield)
rNeg    . . .      Spirit   .   a - +0 robe
rPois   +          Reflect  +   (no helmet)
rElec   .          Harm     .   o - +0 cloak
rCorr   .          Rampage  .   y - +0 pair of gloves
Will    +....                   (no barding)
Stlth   +++.......              h - amulet of reflection
HPRegen 0.22/turn               (no ring)
MPRegen 0.15/turn               (no ring)

@: very slow
A: AC +3, large, see invisible, deformed body, poison resistance, slowness 2,
spit poison 1, naga tail 1
a: Spit Poison, Renounce Religion, Bend Time, Temporal Distortion, Slouch


You were on level 5 of the Dungeon.
You worshipped Cheibriados.
Cheibriados was greatly pleased with you.
You visited 1 branch of the dungeon, and saw 6 of its levels.

You collected 461 gold pieces.


Innate Abilities, Weirdness & Mutations

Your serpentine skin is tough. (AC +3)
You have supernaturally acute eyesight. (SInv)
Armour fits poorly on your strangely shaped body.
Your system is resistant to poisons. (rPois)
You cover ground very slowly.
You can spit poison.
You have a snake-like lower body.


   Skills:
 + Level 3.0 Fighting
 - Level 1.5 Dodging
 - Level 3.0 Stealth
 * Level 7.3 Unarmed Combat
 + Level 5.1 Spellcasting
 + Level 3.0 Conjurations
 - Level 1.0 Transmutations
 - Level 8.0 Poison Magic


You had 3 spell levels left.
You knew the following spells:

 Your Spells              Type           Power      Damage    Failure   Level
a - Sting                 Tmut/Pois      100%       1d8       1%          1
b - Poisonous Vapours     Pois/Air       60%        N/A       1%          2
c - Mephitic Cloud        Conj/Pois/Air  28%        N/A       4%          3
d - Olgreb's Toxic Radia  Pois           52%        N/A       2%          4
e - Iskenderun's Battles  Conj           25%        2d8       45%         5

Your spell library contained the following spells:

 Spells                   Type           Power      Damage    Failure   Level
 Magic Dart               Conj           100%       1d8       1%          1
 Call Imp                 Summ           7%         N/A       10%         2
 Fireball                 Conj/Fire      8%         3d6       67%         5
 Conjure Ball Lightning   Conj/Air       8%         3x3d6     99%         6
 Orb of Destruction       Conj           12%        9d7       100%        7

Inventory:

Hand Weapons
 c - a +0 whip {mace}
   (You found it on level 1 of the Dungeon)
Missiles
 g - 94 stones {throwing}
 n - 3 throwing nets {=f!fthrowing}
 v - 3 boomerangs {throwing}
Armour
 a - a +0 robe (worn)
 o - a +0 cloak (worn)
   (You found it on level 4 of the Dungeon)
 y - a +0 pair of gloves (worn)
   (You found it on level 2 of the Dungeon)
Jewellery
 h - an amulet of reflection (around neck)
   (You found it on level 4 of the Dungeon)
Wands
 e - a wand of polymorph (8)
   (You took it off Sigmund on level 3 of the Dungeon)
 m - a wand of digging (4)
   (You found it on level 2 of the Dungeon)
 p - a wand of charming (7)
   (You found it on level 4 of the Dungeon)
 w - a wand of acid (14)
   (You took it off Ijyb on level 5 of the Dungeon)
Scrolls
 i - a scroll of magic mapping {unknown}
 j - 4 scrolls of amnesia
 k - a scroll of holy word {unknown}
 l - 2 scrolls of torment {unknown}
 q - a scroll of identify {@r1}
 r - a scroll of noise {unknown}
 t - a scroll of immolation {unknown}
 z - a scroll of silence {unknown}
 B - 6 scrolls of teleportation {@r4}
 I - a scroll of enchant armour
Potions
 b - 2 potions of magic
 d - a potion of might
 f - a potion of curing {@q1}
 s - 2 potions of heal wounds {@q2}
 u - a potion of brilliance
 x - 2 potions of flight
 H - a potion of degeneration {unknown}

Dungeon Overview and Level Annotations

Branches:
Dungeon (6/15)
 Temple: D:4-7

Altars:
Cheibriados
Hepliaklqana
Ru
Sif Muna
Vehumet
Xom

Shops:
D:5

=
.....###..##.##..........#.......
....####.##...#..................
.........##.........####.....#.##
..#......##.....##..# ##....####
.####...........##..###......# .#
#..........###...........# ##
##...........##...........#
####....##.....○Y#...#....####
#.......##....°Y@....##....###
##......#.....Y°###..#.......#
#########.......##.........###
### #[###..##.....#.....#..#
#.####.##...#...........####
##.###.##.....[>..#....##
#.##.##.#.........##.###
#.#.#.#)#..........###
..#..#........##.###


You could see 3 yaks.


Message History

The white imp completely misses you.
You hit the white imp.
You kill the white imp!
Cheibriados thoroughly appreciates the change of pace.
There is a stone staircase leading down here. 😕 HP[+19] MP[+13]
You regained 19 hp, and now have 67/75 hp.
You regained 13 mp, and now have 14/16 mp.
You start resting. 😕 HP[+2] MP[+2]
You regained 2 hp, and now have 69/75 hp.
Your mp is fully restored (16).
You start resting. 😎 HP[+6]
Your hp is fully restored (75).
You climb downwards.
You hear the hiss of flowing sand.
There is an entrance to an ossuary on this level.
Hurry and find it before the portal is buried!
You hear the slow hiss of a very distant avalanche of sand.
The orc wizard gestures at you while chanting.
You are confused.
There is a stone staircase leading up here.
You're too confused to cast spells.
You climb upwards.
There is a stone staircase leading down here.
You start waiting.
You feel less confused.
Done waiting.
Unknown command.
You climb downwards.
You hear the hiss of flowing sand.
There is an entrance to an ossuary on this level.
Hurry and find it before the portal is buried!
You hear the hiss of a very distant avalanche of sand.
The adder bites you but does no damage. x2; The yak barely misses you. x2
The yak gores you!
There is a stone staircase leading up, spattered with blood here. 😕 HP[-9]
You take 9 damage, and now have 66/75 hp.
Unknown command.
Unknown command.
The adder bites you but does no damage. The yak gores you.
The yak completely misses you. The yak gores you!
The adder bites you but does no damage.
You climb upwards.
There is a stone staircase leading down here. 😮 HP[-10]
You take 10 damage, and now have 56/75 hp.
Casting: Olgreb's Toxic Radiance (dangerous; 2% risk of failure)
Confirm with . or Enter, or press ? or * to list all spells.
You begin to radiate toxic energy.
The yak is poisoned. x3
The adder is poisoned.
The adder looks even sicker.
The yak gores you! The yak closely misses you.
The yak gores you but does no damage.
The adder bites you but does no damage. 😮 HP[-15] MP[-4]
You take 15 damage, and now have 41/75 hp.
You lost 4 mp, and now have 12/16 mp.
Casting: Olgreb's Toxic Radiance (dangerous; 2% risk of failure)
Confirm with . or Enter, or press ? or * to list all spells.
Your toxic radiance grows in intensity.
The yak looks even sicker. x3
You kill the adder!
Cheibriados thoroughly appreciates the change of pace.
The yak gores you!
* * * LOW HITPOINT WARNING * * *
The yak gores you but does no damage.
The yak closely misses you. 😨 HP[-10] MP[-4]
You take 10 damage, and now have 31/75 hp.
You lost 4 mp, and now have 8/16 mp.
Casting: Olgreb's Toxic Radiance (dangerous; 2% risk of failure)
Confirm with . or Enter, or press ? or * to list all spells.
Aiming: Mephitic Cloud (dangerous; 4% risk of failure)
Press: ? - help, Shift-Dir - straight line, f - you The ball explodes into a vile cloud!
The stinking cloud engulfs you but does no damage.
The stinking cloud engulfs the yak but does no damage. x3
The yak looks even sicker.
The yak gores you!
* * * LOW HITPOINT WARNING * * *
The yak gores you!
* * * LOW HITPOINT WARNING * * *
The yak is engulfed in noxious fumes.
The yak appears confused. 😱 HP[-24] MP[-3]
You take 24 damage, and now have 7/75 hp.
MASSIVE DAMAGE!! (PAUSE)
You lost 3 mp, and now have 5/16 mp.
Unknown command.
The yak attacks as you move away! The yak gores you but does no damage.
The yak looks even sicker. x2
Your toxic aura wanes.
The yak is engulfed in noxious fumes.
The yak gores the yak!
The yak is engulfed in noxious fumes.
The yak appears confused.
The yak gores you but does no damage.
The yak is engulfed in noxious fumes. x2
You see here an adder corpse. 😱 HP[+1]
The flow of time bends around you.
Cheibriados rebukes the yak.
The yak seems to slow down.
The yak resists with some effort.
The yak is engulfed in noxious fumes.
You block the yak's attack.
The yak gores the yak but does no damage.
The yak is engulfed in noxious fumes.
The yak appears confused.
The yak gores you!
You die...

Skill      XL: |  1  2  3  4  5  6  7  8  9 |
---------------+----------------------------+-----
Unarmed Combat | 1 2 4 5 7 |  7.3
Poison Magic   | 5 6 7 8 |  8.0
Spellcasting   | 3 4 5 |  5.1
Fighting       | 1 2 3 |  3.0
Conjurations   | 1 2 3 |  3.0
Dodging        | |  1.5
Stealth        | |  3.0
Transmutations | |  1.0

Action                   |  1- 3 |  4- 6 |  7- 9 || total
-------------------------+-------+-------+-------++-------
Melee: Unarmed           |    15 |    45 |    86 ||   146
       Whip              |       |     8 |       ||     8
       Punch             |       |     2 |     3 ||     5
 Cast: Sting             |    45 |    72 |    57 ||   174
       Poisonous Vapours |    10 |     4 |     2 ||    16
       Mephitic Cloud    |       |     1 |     2 ||     3
       Olgreb's Toxic Ra |       |       |    38 ||    38
Invok: Bend Time         |       |     1 |     1 ||     2
 Abil: Spit Poison       |    16 |     7 |     8 ||    31
  Use: Scroll            |       |     5 |       ||     5
       Potion            |       |     3 |       ||     3
 Stab: Sleeping          |     1 |       |     2 ||     3
Armor: Robe              |     5 |    24 |    35 ||    64
       Skin              |       |     7 |       ||     7
Dodge: Dodged            |    22 |    56 |    62 ||   140
Block: Other             |       |     8 |    33 ||    41

Levels and vault maps discovered:
D:1:      dpeg_arrival_pits, layout_basic
D:2:      layout_loops_cross, basic_ecumenical_altar, serial_rivers,
          chequers_serial_rivers_large_a, chequers_serial_rivers_small_b,
          chequers_serial_rivers_micro_e, chequers_serial_rivers_small_b,
          chequers_serial_rivers_small_b, kennysheep_doodads
D:3:      layout_basic, uniq_sigmund
D:4:      layout_cave_pods, grunt_temple_overflow_open,
          gammafunk_temple_overflow_pools, uniq_blork_the_orc
D:5:      layout_cave_pools, serial_shops, shop, minmay_increasing_density,
          uniq_ijyb
D:6:      layout_rooms, nicolae_ossuary_entry_giza, uniq_menkaure, uniq_duvessa

Notes
Turn   | Place    | Note
-------+----------+-------------------------------------------
     0 | D:1      | spaghetti the Naga Venom Mage began the quest for the Orb.
     0 | D:1      | Reached XP level 1. HP: 15/15 MP: 3/3
     0 | D:1      | magus.rc [v1.9.6]
   427 | D:1      | Reached skill level 1 in Unarmed Combat
   427 | D:1      | Reached XP level 2. HP: 22/22 MP: 5/5
  1264 | D:1      | Reached XP level 3. HP: 14/28 MP: 0/6
  1267 | D:1      | Learned a level 2 spell: Poisonous Vapours
  1271 | D:1      | Learned a level 3 spell: Mephitic Cloud
  1723 | D:2      | Found a faded altar of an unknown god.
  1902 | D:2      | Prayed at the altar of an unknown god.
  1902 | D:2      | Became a worshipper of Cheibriados the Contemplative
  1902 | D:2      | Reached * piety under Cheibriados
  2003 | D:2      | Reached skill level 2 in Unarmed Combat
  2146 | D:2      | Reached skill level 5 in Poison Magic
  2146 | D:2      | Reached XP level 4. HP: 31/36 MP: 2/7
  3309 | D:3      | HP: 8/36 [orc/+0 club (5)]
  3315 | D:3      | Reached ** piety under Cheibriados
  3616 | D:3      | Noticed Sigmund
  3670 | D:3      | Killed Sigmund
  3671 | D:3      | Reached skill level 4 in Unarmed Combat
  3671 | D:3      | Reached skill level 3 in Spellcasting
  3671 | D:3      | Reached XP level 5. HP: 33/42 MP: 0/9
  3671 | D:3      | Reached XP level 6. HP: 38/49 MP: 0/10
  3929 | D:3      | Learned a level 4 spell: Olgreb's Toxic Radiance
  4342 | D:4      | Reached skill level 6 in Poison Magic
  4346 | D:4      | Reached XP level 7. HP: 24/55 MP: 7/12
  4961 | D:4      | Reached skill level 5 in Unarmed Combat
  5156 | D:4      | Found a sacrificial altar of Ru.
  5160 | D:4      | Found a radiant altar of Vehumet.
  5160 | D:4      | Found a shimmering altar of Xom.
  5230 | D:4      | You pick up a book of the Spheres and begin reading...
  5230 | D:4      | You add the spells Iskenderun's Battlesphere, Fireball,
                  | Conjure Ball Lightning and Orb of Destruction to your
                  | library.
  5239 | D:4      | Found a shimmering blue altar of Sif Muna.
  5240 | D:4      | Found a hazy altar of Hepliaklqana.
  5393 | D:4      | Noticed Blork the orc
  5402 | D:4      | Killed Blork the orc
  5570 | D:4      | Reached *** piety under Cheibriados
  5671 | D:4      | Reached skill level 4 in Spellcasting
  6019 | D:5      | Entered Level 5 of the Dungeon
  6328 | D:5      | Reached skill level 7 in Poison Magic
  6432 | D:5      | Found Raets's Jewellery Boutique.
  6538 | D:5      | Reached skill level 1 in Fighting
  6538 | D:5      | Reached skill level 1 in Conjurations
  6538 | D:5      | Reached XP level 8. HP: 64/64 MP: 0/14
  6787 | D:5      | You pick up a book of Minor Magic and begin reading...
  6787 | D:5      | You add the spells Magic Dart and Call Imp to your library.
  6816 | D:5      | Reached skill level 6 in Unarmed Combat
  7127 | D:5      | Reached skill level 2 in Fighting
  7127 | D:5      | Reached skill level 2 in Conjurations
  7361 | D:5      | Noticed Ijyb
  7375 | D:5      | Killed Ijyb
  7376 | D:5      | HP: 12/67 [black bear (5)]
  7376 | D:5      | HP: 5/67 [black bear (7)]
  7684 | D:5      | Learned a level 5 spell: Iskenderun's Battlesphere
  8006 | D:6      | Noticed a yak
  8006 | D:6      | Noticed a yak
  8007 | D:6      | Noticed a yak
  8007 | D:6      | Noticed a yak
  8008 | D:6      | Noticed a yak
  8008 | D:6      | Noticed a yak
  8011 | D:6      | Reached **** piety under Cheibriados
  8015 | D:6      | Killed a yak
  8016 | D:6      | Reached skill level 7 in Unarmed Combat
  8016 | D:6      | Reached XP level 9. HP: 47/74 MP: 1/16
  8018 | D:5      | Reached skill level 3 in Fighting
  8018 | D:5      | Reached skill level 5 in Spellcasting
  8018 | D:5      | Reached skill level 3 in Conjurations
  8018 | D:5      | Reached skill level 8 in Poison Magic
  8200 | D:5      | HP: 7/75 [yak (14)]
  8202 | D:5      | Slain by a yak

Vanquished Creatures
  Sigmund (D:3)
  2 yaks
  A water moccasin (D:5)
  A black bear (D:5)
  An ogre (D:5)
  2 phantoms
  Blork the orc (D:4)
  2 necrophages
  3 scorpions
  A bullfrog (D:6)
  A jelly (D:5)
  A gnoll shaman (D:5)
  5 hounds
  Ijyb (D:5)
  An orc wizard (D:6)
  2 iguanas
  3 adders
  7 gnolls
  2 white imps (D:5)
  An ufetubus (D:6)
  6 worms
  2 dart slugs
  16 orcs
  7 ball pythons
  5 bats
  6 endoplasms
  3 giant cockroaches
  5 goblins
  7 hobgoblins
  12 kobolds
  A quokka (D:4)
  A frilled lizard (D:1)
  5 rats
115 creatures vanquished.

Table legend:
 A = Non-vault XP
 B = Vault XP
 C = Vault XP percentage of total XP
 D = Non-vault monster count
 E = Vault monster count
 F = Vault count percentage of total count
                 A         B        C        D         E       F
            +---------+---------+-------+---------+---------+-------
      Total |    1894 |     741 |  28.1 |     104 |      11 |   9.6
            +---------+---------+-------+---------+---------+-------
        D:1 |      32 |       0 |   0.0 |      20 |       0 |   0.0
        D:2 |      93 |       0 |   0.0 |      25 |       0 |   0.0
        D:3 |      50 |     231 |  82.2 |      15 |       1 |   6.2
        D:4 |     469 |      94 |  16.7 |      21 |       1 |   4.5
        D:5 |     903 |     416 |  31.5 |      17 |       9 |  34.6
        D:6 |     347 |       0 |   0.0 |       6 |       0 |   0.0
            +---------+---------+-------+---------+---------+-------

Illustrated notes

Table legend:
 A = Kills in this place as a percentage of kills in entire the game.
 B = Kills by you in this place as a percentage of kills by you in the entire game.
 C = Kills by friends in this place as a percentage of kills by friends in the entire game.
 D = Other kills in this place as a percentage of other kills in the entire game.
 E = Experience gained in this place as a percentage of experience gained in the entire game.
 F = Experience gained in this place divided by the number of levels of this place that you have seen.
                   A       B       C       D       E      F
               +-------+-------+-------+-------+-------+----------------------
         Total | 100.0 | 100.0 |   N/A |   N/A | 100.0 | 439.2
       Dungeon | 100.0 | 100.0 |   N/A |   N/A | 100.0 | 439.2
               +-------+-------+-------+-------+-------+----------------------

Table legend: (Time is in decaauts)
 A = Elapsed time spent in this place.
 B = Non-inter-level travel time spent in this place.
 C = Inter-level travel time spent in this place.
 D = Time resting spent in this place.
 E = Time spent auto-exploring this place.
 F = Levels seen in this place.
 G = Mean time per level.
                   A        B        C        D        E       F      G
               +--------+--------+--------+--------+--------+-----+--------+
         Total |  11339 |  10758 |    581 |   2356 |   7299 |   6 | 1889.8 |
       Dungeon |  11339 |  10758 |    581 |   2356 |   7299 |   6 | 1889.8 |
               +--------+--------+--------+--------+--------+-----+--------+

Top non-repeatable levels by time:
     D:4: 2871 daAuts
     D:5: 2596 daAuts
     D:2: 2410 daAuts
     D:1: 1963 daAuts
     D:3: 1483 daAuts
     D:6: 14 daAuts
